 Dungeon Crawl Stone Soup version 0.18-a0-1539-g1c7284a (webtiles) character file.

249 mrath the Magician (level 5, 0/45 HPs)
             Began as a Troll Wizard on Mar 9, 2016.
             Succumbed to a worker ant's poison
             ... on level 4 of the Dungeon.
             The game lasted 00:20:09 (3283 turns).

mrath the Magician (Troll Wizard)                   Turns: 3283, Time: 00:20:10

Health: 0/45       AC:  6    Str: 15    XL:     5   Next: 86%
Magic:  9/9        EV:  9    Int: 15    God:
Gold:   120        SH:  0    Dex:  8    Spells: 2 memorised, 8 levels left

rFire  . . .     SeeInvis .     (no weapon)
rCold  . . .     Gourm    +     a - +0 robe
rNeg   . . .     Faith    .     (no shield)
rPois  .         Spirit   .     b - +0 hat
rElec  .         Dismiss  .     n - +0 cloak (curse)
rCorr  .         Reflect  .     (gloves unavailable)
SustAt .         Harm     +     (boots unavailable)
MR     .....                    t - amulet of harm
Stlth  +.........               (no ring)
                                (no ring)

@: lethally poisoned (0 -> -7), not resistant to hostile enchantments, very
unstealthy
A: unfitting armour, claws 3, fast metabolism 3, gourmand, regeneration 2,
shaggy fur 1, tough skin 2
a: no special abilities


You were on level 4 of the Dungeon.
You were completely stuffed.

You visited 1 branch of the dungeon, and saw 4 of its levels.

You collected 120 gold pieces.

Inventory:

Hand Weapons
 v - a +0 long sword
 x - a +0 hunting sling
 y - a +0 flail
 G - a +0 trident
Missiles
 l - 109 stones (quivered)
 w - a throwing net
 D - 21 sling bullets
Armour
 a - a +0 robe (worn)
 b - a +0 hat (worn)
 n - a cursed +0 cloak (worn)
 B - a +0 shield
Jewellery
 t - an amulet of harm (around neck)
Scrolls
 e - 3 scrolls of fog {unknown}
 f - 2 scrolls of teleportation {unknown}
 h - 2 scrolls of amnesia {unknown}
 i - 2 scrolls of immolation {unknown}
 j - 3 scrolls of remove curse {unknown}
 r - 4 scrolls of identify {unknown}
 u - a scroll of enchant armour {unknown}
 z - a scroll of noise {unknown}
 H - a scroll of enchant weapon {unknown}
Potions
 k - 2 potions of mutation {unknown}
 q - a potion of haste {unknown}
 s - a potion of flight {unknown}
 A - a potion of might {unknown}
 C - a potion of invisibility {unknown}
 E - a potion of curing {unknown}
Books
 c - a book of Minor Magic

   Spells                             Type                      Level
   a - Magic Dart                     Conjuration                  1
   b - Blink                          Translocation                2
   c - Call Imp                       Summoning                    2
   d - Repel Missiles                 Charms/Air                   2
   e - Slow                           Hexes                        2
   f - Conjure Flame                  Conjuration/Fire             3
   g - Mephitic Cloud                 Conjuration/Poison/Air       3
Comestibles
 d - 2 bread rations
 g - a beef jerky
 m - 2 meat rations
 o - 3 chunks of flesh
 p - 3 fruits


   Skills:
 - Level 1.5 Dodging
 - Level 1.1 Stealth
 * Level 3.6 Spellcasting
 + Level 2.3 Conjurations
   Level 0.6 Summonings
 + Level 1.1 Translocations


You had 8 spell levels left.
You knew the following spells:

 Your Spells              Type           Power        Failure   Level  Hunger
a - Magic Dart            Conj           #...         10%         1    None
b - Blink                 Tloc           N/A          17%         2    ##.....


Dungeon Overview and Level Annotations

Branches:
Dungeon (4/15)
 Temple: D:4-7

Altars:
Dithmenos
Pakellas
Ru


Innate Abilities, Weirdness & Mutations

You are too large for most types of armour.
You have claws for hands.
Your metabolism is lightning-fast.
You like to eat raw meat.
You heal very quickly.
You are covered in fur (AC +1).
You have very tough skin (AC +2).


Message History

You feel sick. The worker ant bites you.
* * * LOW HITPOINT WARNING * * *
You are lethally poisoned!
The worker ant poisons you!
You scratch the worker ant but do no damage.
The worker ant is severely wounded.
* * * LOW HITPOINT WARNING * * *
You feel sick. The worker ant barely misses you.
You scratch the worker ant but do no damage.
The worker ant is severely wounded.
* * * LOW HITPOINT WARNING * * *
You feel sick. The worker ant closely misses you. The worker ant bites you.
* * * LOW HITPOINT WARNING * * *
You closely miss the worker ant.
The worker ant is severely wounded.
* * * LOW HITPOINT WARNING * * *
You feel sick. The worker ant closely misses you.
You scratch the worker ant but do no damage.
The worker ant is severely wounded.
You die...

### #.. #.#
#.# #.####
#....
#######..#
......a@.#
#######.##
.# #.# .#
## #.# .###
##. #.#
#...#####.⌠
#.# ...
......
#.#####.#
#.⌠..
#.......#
##....
######.##
#...s<


You could see a worker ant.

Vanquished Creatures
  An orc priest (D:3)
  2 orc wizards
  A worker ant (D:3)
  4 adders
  An ooze (D:3)
  An adder skeleton (D:3)
  5 worms
  A giant gecko (D:2)
  10 orcs (D:3)
  10 bats
  3 giant cockroaches
  5 goblins
  6 hobgoblins
  2 jackals (D:3)
  9 kobolds
  A quokka (D:3)
  3 ball pythons
  5 giant newts
  9 rats
79 creatures vanquished.

Notes
Turn   | Place    | Note
--------------------------------------------------------------
     0 | D:1      | mrath the Troll Wizard began the quest for the Orb.
     0 | D:1      | Reached XP level 1. HP: 16/16 MP: 2/2
   199 | D:1      | Reached XP level 2. HP: 24/24 MP: 4/4
  1203 | D:2      | Reached skill level 1 in Conjurations
  1203 | D:2      | Reached XP level 3. HP: 31/31 MP: 0/5
  1316 | D:2      | Learned a level 2 spell: Blink
  1621 | D:2      | Found a shadowy altar of Dithmenos.
  1894 | D:3      | Reached XP level 4. HP: 32/39 MP: 2/7
  1986 | D:3      | Reached skill level 3 in Spellcasting
  2215 | D:3      | Found an oddly glowing altar of Pakellas.
  2313 | D:3      | Reached XP level 5. HP: 27/45 MP: 3/9
  3201 | D:4      | Found a sacrificial altar of Ru.
  3212 | D:4      | Reached skill level 1 in Translocations
  3281 | D:4      | HP: 2/45 [worker ant (2)]
  3283 | D:4      | Succumbed to a worker ant's poison

Vault maps used:
D:1:      dpeg_arrival_court
D:2:      nicolae_dithmenos_shadow_blocks
D:3:      grunt_pakellas_salt
D:4:      lightli_temple_of_fire, nicolae_ru_great_annihilating_truth,
          nicolae_qazlal_eye_of_the_storm, led_xom_imps, first_bread,
          grunt_ministairs_2, uniq_sigmund

Skill      XL: |  1  2  3  4  5 |
---------------+----------------+-----
Conjurations   | 1 2 |  2.3
Spellcasting   | 3 |  3.6
Translocations | 1 |  1.1
Dodging        | |  1.5
Stealth        | |  1.1
Summonings     | |  0.6

Action                   |  1- 3 |  4- 6 || total
-------------------------+-------+-------++-------
Melee: Unarmed           |   130 |   194 ||   324
 Cast: Magic Dart        |    16 |    10 ||    26
 Stab: Sleeping          |     1 |     1 ||     2
       Paralysed         |       |     1 ||     1
  Eat: Chunk             |    23 |    13 ||    36
